 Dungeon Crawl Stone Soup version 0.18.1-50-g88ac8fd (webtiles) character file.

60 GammafunkIsABaby the Magician (level 3, -4/21 HPs)
             Began as a High Elf Ice Elementalist on June 10, 2018.
             Killed from afar by Natasha (8 damage)
             ... with a magic dart
             ... on level 4 of the Dungeon.
             The game lasted 00:03:21 (400 turns).

GammafunkIsABaby the Magician (HEIE)                 Turns: 400, Time: 00:03:22

Health: -4/21      AC:  2    Str:  8    XL:     3   Next: 82%
Magic:  6/10       EV: 12    Int: 19    God:
Gold:   71         SH:  0    Dex: 15    Spells: 1 memorised, 10 levels left

rFire  . . .     SeeInvis .     i - +0 morningstar
rCold  . . .     Gourm    .     a - +0 robe
rNeg   . . .     Faith    .     (no shield)
rPois  .         Spirit   .     (no helmet)
rElec  .         Dismiss  .     (no cloak)
rCorr  .         Reflect  .     (no gloves)
SustAt .         Harm     .     (no boots)
MR     .....                    (no amulet)
Stlth  ++........               (no ring)
                                (no ring)

@: very slightly contaminated, not resistant to hostile enchantments, unstealthy
A: no striking features
a: no special abilities


You were on level 4 of the Dungeon.
You were not hungry.

You visited 1 branch of the dungeon, and saw 4 of its levels.

You collected 71 gold pieces.

Inventory:

Hand Weapons
 d - a +0 hand axe
 i - a +0 morningstar (weapon)
Armour
 a - a +0 robe (worn)
Scrolls
 f - 3 scrolls of random uselessness {unknown}
 g - 2 scrolls of identify {unknown}
 h - a scroll of blinking {unknown}
 j - a scroll of recharging {unknown}
 l - a scroll of magic mapping {unknown}
Potions
 e - a potion of haste
 k - a potion of flight
Books
 b - a book of Frost

   Spells                             Type                      Level
   a - Freeze                         Ice                          1
   b - Throw Frost                    Conjuration/Ice              2
   c - Ozocubu's Armour               Charms/Ice                   3
   d - Throw Icicle                   Conjuration/Ice              4
   e - Summon Ice Beast               Ice/Summoning                4
Comestibles
 c - a bread ration


   Skills:
 - Level 2.1 Dodging
 - Level 2.1 Stealth
 + Level 4.7 Spellcasting
   Level 1.1 Conjurations
 - Level 3.0 Ice Magic


You had 10 spell levels left.
You knew the following spells:

 Your Spells              Type           Power        Failure   Level  Hunger
a - Freeze                Ice            ###.         4%          1    None


Dungeon Overview and Level Annotations

Branches:
Dungeon (4/15)
 Temple: D:4-7

Altars:

Shops:
D:4 }

Annotations:
D:4 Natasha


Message History

Casting: Freeze
Confirm with . or Enter, or press ? or * to list all spells.
Aiming: Freeze
Press: ? - help, Shift-Dir - straight line, f/p - Natasha
Aim: Natasha (moderately wounded)
You miscast Freeze.
You are very lightly contaminated with residual magic.
Nothing appears to happen.
Natasha closely misses you.
Drink which item? (? for menu, Esc to quit)
Okay, then.
Casting: Freeze
Confirm with . or Enter, or press ? or * to list all spells.
Aiming: Freeze
Press: ? - help, Shift-Dir - straight line, f/p - Natasha
Aim: Natasha (moderately wounded)
You freeze Natasha.
Natasha is heavily wounded.
Natasha stares at you and mumbles some strange words.
The magic dart hits you!
You die...

..........##
#.....###..##
##....# ##..##
......# ##..##
......## ##..##
.......# ##..#
.....#..# #..##
.....##..#
##..##
.....##...#
#..@#
..........#
#.h...#
.........##
#$......#
.........#
#.........
.........#
#...##.......
..............##
.......
.............#
...#### ##......
...# .### #....


You could see Natasha.

Vanquished Creatures
  A hound (D:4)
  An adder (D:2)
  2 dart slugs
  A giant gecko (D:2)
  An orc (D:3)
  A ball python (D:2)
  A giant cockroach (D:2)
  2 hobgoblins (D:2)
  A kobold (D:1)
  A quokka (D:4)
  3 bats
  2 rats
17 creatures vanquished.

Notes
Turn   | Place    | Note
--------------------------------------------------------------
     0 | D:1      | GammafunkIsABaby the High Elf Ice Elementalist began the quest for the Orb.
     0 | D:1      | Reached XP level 1. HP: 11/11 MP: 4/4
   143 | D:1      | Reached skill level 3 in Spellcasting
   162 | D:2      | Reached XP level 2. HP: 13/17 MP: 4/7
   270 | D:3      | Reached skill level 4 in Spellcasting
   270 | D:3      | Reached XP level 3. HP: 10/21 MP: 1/9
   346 | D:4      | Found Zownyp's Gadget Emporium.
   393 | D:4      | Noticed Natasha
   400 | D:4      | Killed from afar by Natasha

Skill      XL: |  1  2 |
---------------+-------+-----
Spellcasting   | 3 4 |  4.7
Dodging        | |  2.1
Stealth        | |  2.1
Conjurations   | |  1.1
Ice Magic      | |  3.0

Action                   || total
-------------------------++-------
Melee: Hand axe          ||    12
       Morningstar       ||    11
 Cast: Freeze            ||    31
  Use: Potion            ||     5
 Stab: Sleeping          ||     2
Armor: Robe              ||    15
Dodge: Dodged            ||    54
